 Dungeon Crawl Stone Soup version 0.31-a0-799-g6bc09d010c (webtiles) character file.

Game seed: 15208360388625460318

3540 Demosthentine the Trooper (level 9, -8/72 HPs)
             Began as a Demonspawn Gladiator on Sept 19, 2023.
             Was an Initiate of Hepliaklqana.
             Mangled by an orc warrior
             ... wielding a +4 halberd
              (16 damage)
             ... in a bailey.
             The game lasted 00:10:54 (7638 turns).

Demosthentine the Trooper (Demonspawn Gladiator)    Turns: 7638, Time: 00:10:55

Health: -8/72      AC:  7    Str: 17    XL:     9   Next: 82%
Magic:  0/9        EV: 15    Int: 11    God:    Hepliaklqana [......]
Gold:   496        SH:  0    Dex: 17    Spells: 8/8 levels left

rFire   + . .        a - +1 trident (elec)
rCold   + . .        (no shield)
rNeg    . . .        b - +0 leather armour
rPois   .            (helmet restricted)
rElec   .            m - scarf {rC+ rF+}
rCorr   .            l - +0 pair of gloves
SInv    .            u - +1 pair of boots
Will    .....        (no amulet)
Stlth   +            (no ring)
HPRegen 0.32/turn    (no ring)
MPRegen 0.22/turn

%: guardian spirit
@: no status effects
A: horns 1, foul stench 1, magic shield, magic regeneration, big brain 1,
devolution 1
a: Renounce Religion


You were in a bailey.
You worshipped Hepliaklqana.
Hepliaklqana was noncommittal.
You visited 2 branches of the dungeon, and saw 8 of its levels.
You also visited: Ossuary and Bailey.

You collected 496 gold pieces.

Inventory:

Hand Weapons
 a - a +1 trident of electrocution (weapon)
 o - a +0 halberd
Missiles
 d - 2 throwing nets (quivered)
 e - 12 javelins
Armour
 b - a +0 leather armour (worn)
 l - a +0 pair of gloves (worn)
 m - a scarf of resistance (worn)
 u - a +1 pair of boots (worn)
Jewellery
 c - an amulet of faith
Scrolls
 f - a scroll of enchant weapon
 h - a scroll of poison {unknown}
 i - 3 scrolls of teleportation
 s - a scroll of brand weapon
 t - a scroll of blinking
 v - a scroll of amnesia
Potions
 g - 2 potions of might
 j - 2 potions of enlightenment
 k - 2 potions of brilliance
 p - a potion of ambrosia
 q - a potion of mutation
 x - a potion of cancellation


   Skills:
 + Level 7.4 Fighting
 + Level 7.0 Polearms
 - Level 1.7 Throwing
 + Level 6.3 Armour
 + Level 7.0 Dodging


You had 8 spell levels left.
You didn't know any spells.
Your spell library contained the following spells:

 Spells                   Type           Power      Damage    Failure   Level
 Kiss of Death            Conj/Necr      0%         2d5       38%         1
 Cigotuvi's Dreadful Rot  Necr/Pois/Air  0%         N/A       54%         2
 Call Canine Familiar     Summ           0%         N/A       77%         3
 Confusing Touch          Hex            0%         N/A       77%         3
 Sigil of Binding         Hex            0%         N/A       77%         3
 Tukima's Dance           Hex            0%         N/A       77%         3
 Dimensional Bullseye     Hex/Tloc       0%         N/A       99%         4
 Dispel Undead            Necr           0%         3d6       99%         4
 Iskenderun's Mystic Bla  Conj/Tloc      0%         2d3       99%         4
 Leda's Liquefaction      Hex/Erth       0%         N/A       99%         4
 Passage of Golubria      Tloc           0%         N/A       99%         4
 Silence                  Hex/Air        0%         N/A       100%        5
 Death Channel            Necr           0%         N/A       100%        6
 Lehudib's Crystal Spear  Conj/Erth      0%         10d2      100%        8


Dungeon Overview and Level Annotations

Branches:
Dungeon (7/15)             Temple (1/1) D:7         Ossuary (visited)
 Bailey (1/1)

Altars:
Ashenzari
Cheibriados
Dithmenos
Fedhas
Gozag
Hepliaklqana
Kikubaaqudgha
Makhleb
Nemelex Xobeh
Okawaru
Qazlal
Ru
Sif Muna
Trog
Uskayaw
Vehumet
Xom
Yredelemnul

Annotations:
D:7 Jeremiah


Innate Abilities, Weirdness & Mutations

You have a pair of small horns on your head.
You may rarely emit foul miasma when damaged in melee.
When hurt, damage is shared between your health and your magic reserves.
You regenerate magic rapidly.
You have an unusually large brain. (Int +2)
You have hidden genetic defects.


Message History

Aim: an orc warrior, wielding a +0 halberd and wearing a +0 ring mail (almost dead, about 40% to evade your +1 trident of electrocution)
You reach to attack!
You closely miss the orc warrior.
The orc warrior is almost dead.
The orc warrior hits you from afar with a +0 halberd.
* * * LOW HITPOINT WARNING * * *
Reach: a) +1 trident (elec)
Press: ? - help, Dir - move target, f/p - orc warrior
Aim: an orc warrior, wielding a +0 halberd and wearing a +0 ring mail (almost dead, about 40% to evade your +1 trident of electrocution)
You reach to attack!
You hit the orc warrior but do no damage.
The orc warrior is almost dead.
The orc warrior completely misses you.
Reach: a) +1 trident (elec)
Press: ? - help, Dir - move target, f/p - orc warrior
Aim: an orc warrior, wielding a +0 halberd and wearing a +0 ring mail (almost dead, about 40% to evade your +1 trident of electrocution)
You reach to attack!
You puncture the orc warrior!
You kill the orc warrior!
Your Polearms skill increases to level 7!
Press: ? - help, v - describe, . - travel, g - get item
Here: an orc warrior, wielding a +4 halberd and wearing a +0 scale mail
Items here: )) [[ ††.
The floor, spattered with blood.
Unknown command.
Unknown command.
Throw: 4 throwing nets
Press: ? - help, Q - select action, (/) - cycle Shift-Dir - straight line, f - orc warrior
Aim: an orc warrior, wielding a +4 halberd and wearing a +0 scale mail (53% to hit)
You throw a throwing net.
The throwing net closely misses the orc warrior.
The throwing net hits the orc.
The orc is caught in the net!
The orc struggles against the net.
The orc warrior misses you.
Throw: 3 throwing nets
Press: ? - help, Q - select action, (/) - cycle Shift-Dir - straight line, f/p - orc warrior
Aim: an orc warrior, wielding a +4 halberd and wearing a +0 scale mail (53% to hit)
You throw a throwing net.
The throwing net barely misses the orc warrior.
The throwing net hits the orc.
The orc struggles against the net.
The orc warrior hits you from afar with a +4 halberd!!
You die...

#)≈....≈..∩∩∩.....≈...≈#
#.≈.≈≈.≈..⌠.⌠..≈≈.≈...≈#
#)≈≈.≈.≈≈≈...≈≈≈.≈≈).≈≈#
##.≈.≈≈.)≈≈≈≈≈..≈≈..⌠≈≈#
#.≈≈.≈≈≈...).≈≈≈...≈≈##
#..≈≈..≈≈≈≈≈≈≈....≈≈##
#.⌠.≈≈≈.......≈≈..≈##
##....≈≈≈≈≈≈≈≈≈...≈#
#####.....@.o.o..≈#
...⌠##########)####
.o.......o.)o.....#
.........o..o....##
≈≈≈≈≈≈≈≈≈≈≈≈≈≈≈≈##
#################


You could see an orc warrior and an orc (caught).

Vanquished Creatures
  A two-headed ogre (D:5)
  Grinder (D:5)
  A steam dragon (D:5)
  Menkaure (D:5)
  Edmund (D:4)
  A water moccasin (D:6)
  A black bear (D:6)
  5 orc warriors
  2 ogres
  A phantom (D:5)
  4 centaurs
  A bullfrog (D:6)
  3 scorpions
  3 killer bees (D:6)
  A howler monkey (D:5)
  A hound (D:5)
  A jelly (D:4)
  3 orc priests
  2 gnoll boudas
  2 sleepcaps
  3 iguanas
  2 orc wizards (D:7)
  A hound zombie (Ossuary)
  4 mummies (Ossuary)
  5 adders
  10 gnolls
  A shadow imp (D:7)
  3 ufetubi
  An adder zombie (Ossuary)
  A worm (D:2)
  3 dart slugs
  33 orcs
  5 bats
  3 endoplasms (D:1)
  2 giant cockroaches
  A gnoll zombie (Ossuary)
  14 goblins
  8 hobgoblins
  2 kobolds
  5 quokkas
  5 ball pythons
  3 frilled lizards
  A goblin zombie (Ossuary)
  3 hobgoblin zombies (Ossuary)
  3 jackal zombies (Ossuary)
  An orc zombie (Ossuary)
  6 rats
  A rat zombie (Ossuary)
166 creatures vanquished.

Notes
Turn   | Place    | Note
-------+----------+-------------------------------------------
     0 | D:1      | Demosthentine the Demonspawn Gladiator began the quest for
                  | the Orb.
     0 | D:1      | Reached XP level 1. HP: 16/16 MP: 1/1
    74 | D:1      | Gained mutation: You may rarely emit foul miasma when
                  | damaged in melee. [demonic ancestry]
    74 | D:1      | Reached XP level 2. HP: 19/22 MP: 2/2
   529 | D:1      | Reached skill level 1 in Armour
   859 | D:2      | Gained mutation: You regenerate magic rapidly. [demonic
                  | ancestry]
   859 | D:2      | Reached XP level 3. HP: 28/28 MP: 3/3
  1432 | D:3      | Gained mutation: You have an unusually large brain. (Int
                  | +2) [demonic ancestry]
  1432 | D:3      | Reached XP level 4. HP: 17/34 MP: 1/4
  2057 | D:3      | Reached XP level 5. HP: 37/41 MP: 5/5
  2442 | D:4      | Found a sand-covered staircase.
  2446 | Ossuary  | Entered an ossuary
  2947 | D:4      | Noticed an ogre
  2954 | D:4      | Killed an ogre
  2955 | D:4      | Reached XP level 6. HP: 47/47 MP: 6/6
  3089 | D:4      | Noticed Edmund
  3099 | D:4      | Killed Edmund
  3755 | D:4      | Found an ancient bone altar of Kikubaaqudgha.
  4033 | D:5      | Entered Level 5 of the Dungeon
  4117 | D:5      | Gained mutation: You have a pair of small horns on your
                  | head. [demonic ancestry]
  4117 | D:5      | Reached XP level 7. HP: 50/54 MP: 7/7
  4152 | D:5      | Noticed Grinder
  4154 | D:5      | Noticed Menkaure
  4157 | D:5      | Killed Grinder
  4162 | D:5      | Killed Menkaure
  4335 | D:5      | Reached skill level 5 in Dodging
  4335 | D:5      | Reached XP level 8. HP: 21/61 MP: 8/8
  4345 | D:5      | Reached skill level 5 in Fighting
  4345 | D:5      | Reached skill level 5 in Polearms
  5042 | D:5      | Noticed a two-headed ogre
  5054 | D:5      | Killed a two-headed ogre
  5055 | D:5      | Reached skill level 5 in Armour
  5460 | D:6      | Gained mutation: When hurt, damage is shared between your
                  | health and your magic reserves. [demonic ancestry]
  5460 | D:6      | Reached XP level 9. HP: 37/69 MP: 9/9
  6824 | D:7      | Found a staircase to the Ecumenical Temple.
  6846 | Temple   | Entered the Ecumenical Temple
  6860 | Temple   | Became a worshipper of Hepliaklqana the Forgotten
  6937 | D:7      | Found a flagged portal.
  6971 | D:7      | Noticed Jeremiah
  6998 | Bailey   | Entered a bailey
  7015 | Bailey   | Gained mutation: You are weak. (Str -2) [potion of
                  | mutation]
  7015 | Bailey   | Gained mutation: You have hidden genetic defects. [potion
                  | of mutation]
  7015 | Bailey   | Lost mutation: You are weak. (Str -2) [potion of mutation]
  7615 | Bailey   | HP: 2/72 [orc warrior/+0 halberd (8)]
  7630 | Bailey   | HP: 2/72 [orc warrior/+0 halberd (12)]
  7638 | Bailey   | Mangled by an orc warrior

Illustrated notes

Levels and vault maps discovered:
D:1:      ldierk_walled_garden, layout_rooms, serial_forest,
          infiniplex_forest_diagonal, infiniplex_forest_lined_4_way,
          infiniplex_forest_end_2, infiniplex_forest_clump_curved,
          infiniplex_forest_end_3, infiniplex_forest_clump_medium,
          infiniplex_forest_lined_3_way, infiniplex_forest_clump_C,
          infiniplex_forest_pool, minmay_pentomino_s4
D:2:      layout_loops_ring, kennysheep_generic_room_5
D:3:      layout_basic, chequers_jeans
D:4:      layout_basic, mainiacjoe_overflow_alcove_2, enter_ossuary_5,
          uniq_edmund
D:5:      layout_loops_ring, kennysheep_dice, uniq_grinder, uniq_menkaure
D:6:      layout_basic, grunt_ministairs_3
D:7:      layout_cave_pods, minmay_temple_entry_statues, serial_shops,
          nicolae_stop_n_shop_2, gammafunk_ghost_necromancy, enter_bailey_2,
          nicolae_kite_square_tiling_tiny, st_stairs_12, item_on_display_a,
          uniq_prince_ribbit1, uniq_jeremiah
Temple:   nicolae_temple_slightly_damp_pantheon
Bailey:   bailey_polearm_flooded_kennysheep, bailey

Skill      XL: |  1  2  3  4  5  6  7  8  9 |
---------------+----------------------------+-----
Polearms       | 3 4 6 7 |  7.0
Dodging        | 3 4 5 6 7 |  7.0
Armour         | 1 2 3 4 5 6 |  6.3
Fighting       | 3 4 6 7 |  7.4
Throwing       | |  1.7

Action                     |  1- 3 |  4- 6 |  7- 9 || total
---------------------------+-------+-------+-------++-------
  Melee: Trident           |   114 |   153 |   322 ||   589
         Punch             |       |     1 |     3 ||     4
         Headbutt          |       |       |    34 ||    34
  Throw: Throwing net      |       |       |     4 ||     4
    Use: Scroll            |     7 |     6 |     5 ||    18
         Potion            |       |       |     8 ||     8
   Stab: Sleeping          |     1 |     3 |     1 ||     5
         Distracted        |       |       |     2 ||     2
 Armour: Leather armour    |    48 |    81 |   167 ||   296
  Dodge: Dodged            |    66 |    80 |   264 ||   410

Table legend: (Time is in decaauts)
 A = Elapsed time spent in this place.
 B = Non-inter-level travel time spent in this place.
 C = Inter-level travel time spent in this place.
 D = Time resting spent in this place.
 E = Time spent auto-exploring this place.
 F = Levels seen in this place.
 G = Mean time per level.
                   A        B        C        D        E       F      G
               +--------+--------+--------+--------+--------+-----+--------+
         Total |   7673 |   7466 |    207 |     67 |   5882 |  10 |  767.3 |
       Dungeon |   6566 |   6359 |    207 |     67 |   5116 |   7 |  938.0 |
        Temple |     30 |     30 |      0 |      0 |      0 |   1 |   30.0 |
       Ossuary |    440 |    440 |      0 |      0 |    339 |   1 |  440.0 |
        Bailey |    636 |    636 |      0 |      0 |    427 |   1 |  636.0 |
               +--------+--------+--------+--------+--------+-----+--------+

Top non-repeatable levels by time:
     D:6: 1415 daAuts
     D:5: 1378 daAuts
     D:4: 1325 daAuts
     D:2: 803 daAuts
     D:1: 773 daAuts
     D:3: 728 daAuts
  Bailey: 636 daAuts
 Ossuary: 440 daAuts
     D:7: 141 daAuts
  Temple: 30 daAuts
